 Dungeon Crawl Stone Soup version 0.31-a0-221-gbddc013574 (webtiles) character file.

Game seed: 10297682659788541063

64 Nietzsche the Chopper (level 3, 0/27 HPs)
             Began as a Demonspawn Gladiator on July 4, 2023.
             Slain by Crazy Yiuf
             ... wielding a +4 quarterstaff of chaos
              (9 damage)
             ... on level 2 of the Dungeon.
             The game lasted 00:02:47 (812 turns).

Nietzsche the Chopper (Demonspawn Gladiator)         Turns: 812, Time: 00:02:47

Health: 0/27       AC:  4    Str: 14    XL:     3   Next: 91%
Magic:  4/4        EV: 12    Int: 11    God:
Gold:   59         SH:  0    Dex: 14    Spells: 4/4 levels left

rFire   . . .        a - +0 war axe
rCold   . . .        (no shield)
rNeg    . . .        b - +0 leather armour
rPois   .            c - +0 helmet
rElec   .            (no cloak)
rCorr   .            (no gloves)
SInv    .            (no boots)
Will    .....        (no amulet)
Stlth   +            (no ring)
HPRegen 0.24/turn    (no ring)
MPRegen 0.09/turn

%: no passive effects
@: no status effects
A: spiny 1
a: no special abilities


You were on level 2 of the Dungeon.
You visited 1 branch of the dungeon, and saw 2 of its levels.

You collected 85 gold pieces.
You spent 26 gold pieces at shops.

Inventory:

Hand Weapons
 a - a +0 war axe (weapon)
 q - a +1 vampiric dagger
Missiles
 d - 3 throwing nets (quivered)
 e - a javelin
Armour
 b - a +0 leather armour (worn)
 c - a +0 helmet (worn)
 p - a +1 animal skin
Scrolls
 f - a scroll of torment {unknown}
 h - a scroll of teleportation {unknown}
 i - a scroll of noise {unknown}
 j - a scroll of identify
 l - a scroll of enchant weapon {unknown}
Potions
 g - a potion of magic {unknown}
 k - a potion of heal wounds {unknown}
 m - a potion of ambrosia {unknown}
 n - a potion of brilliance {unknown}
 o - a potion of lignification {unknown}


   Skills:
 + Level 2.2 Fighting
 + Level 3.4 Axes
 - Level 1.7 Throwing
 + Level 0.1 Armour
 + Level 3.2 Dodging
 + Level 0.2 Stealth
 * Level 1.2 Spellcasting


You had 4 spell levels left.
You didn't know any spells.
Your spell library was empty.

Dungeon Overview and Level Annotations

Branches:
Dungeon (2/15)

Altars:

Shops:
D:1 *

Annotations:
D:2 Crazy Yiuf


Innate Abilities, Weirdness & Mutations

You are partially covered in sharp spines.


Message History

The worm is heavily wounded.
The worm barely misses you.
You hit the worm.
The worm is severely wounded.
The worm is struck by your spines. The worm barely misses you.
You barely miss the worm.
The worm is severely wounded.
The worm is struck by your spines. The worm bites you but does no damage.
You hit the worm.
You kill the worm!
As you open the door, it creaks loudly!
There is an open door here.
Found a stone staircase leading up.
There is a stone staircase leading up here.
Found a hammer.
Found a runed translucent door.
Crazy Yiuf shouts!
Crazy Yiuf cries, "Pitchfork Orb Guardian tired!"
You open the door.
Crazy Yiuf says, "Crazy?
Crazy!?
PORCUPINE!"
Okay, then.
You hit Crazy Yiuf.
Crazy Yiuf is lightly wounded.
Crazy Yiuf zaps a wand.
The puff of flame misses you.
You hit Crazy Yiuf.
Crazy Yiuf is lightly wounded.
Crazy Yiuf is struck by your spines.
Crazy Yiuf hits you with a +4 quarterstaff of chaos!
Crazy Yiuf hits you with a +4 quarterstaff of chaos.
You resist with some effort.
You hit Crazy Yiuf.
Crazy Yiuf is heavily wounded.
Crazy Yiuf zaps a wand.
The puff of flame hits you!
You are too injured to fight recklessly!
You are too injured to fight recklessly!
You are too injured to fight recklessly!
You barely miss Crazy Yiuf.
Crazy Yiuf is heavily wounded.
Crazy Yiuf is struck by your spines. Crazy Yiuf misses you.
Crazy Yiuf hits you with a +4 quarterstaff of chaos!
You die...

#####
#..)#
#...#
...
#g#
♣♣@♣
♣.♣♣
♣♣.♣
♣.♣♣
♣♣.♣♣
♣...♣♣
♣....♣
#....#
#....#


You could see Crazy Yiuf.

Vanquished Creatures
  Robin (D:2)
  An adder (D:2)
  An adder zombie (D:2)
  A worm (D:2)
  A dart slug (D:2)
  4 bats
  2 endoplasms (D:1)
  A giant cockroach (D:1)
  7 goblins
  3 hobgoblins (D:2)
  4 jackals (D:2)
  4 kobolds
  3 ball pythons (D:2)
  2 rats
35 creatures vanquished.

Notes
Turn   | Place    | Note
-------+----------+-------------------------------------------
     0 | D:1      | Nietzsche the Demonspawn Gladiator began the quest for the
                  | Orb.
     0 | D:1      | Reached XP level 1. HP: 16/16 MP: 1/1
   157 | D:1      | Found Suoppak's General Store.
   167 | D:1      | Bought a scroll of identify for 26 gold pieces
   216 | D:1      | Gained mutation: You are partially covered in sharp spines.
                  | [demonic ancestry]
   216 | D:1      | Reached XP level 2. HP: 22/22 MP: 2/2
   236 | D:1      | Found a faded altar of an unknown god.
   236 | D:1      | Noticed a shadow demon
   499 | D:2      | Reached skill level 1 in Spellcasting
   572 | D:2      | Reached XP level 3. HP: 22/27 MP: 4/4
   643 | D:2      | Noticed Robin
   651 | D:2      | Killed Robin
   804 | D:2      | Found a runed translucent door.
   805 | D:2      | Noticed Crazy Yiuf
   812 | D:2      | Slain by Crazy Yiuf

Illustrated notes

Levels and vault maps discovered:
D:1:      minmay_arrival_solitary_statue, layout_rooms, serial_shops, shop,
          dreamdust_ecumenical_altar_sealed_demon
D:2:      layout_loops_corners, serial_undead, serial_undead_d, serial_undead_c,
          serial_undead_a, serial_undead_f, uniq_crazy_yiuf_cottage, uniq_robin

Skill      XL: |  1  2 |
---------------+-------+-----
Axes           | 3 |  3.4
Dodging        | 3 |  3.2
Spellcasting   | 1 |  1.2
Fighting       | |  2.2
Throwing       | |  1.7
Armour         | |  0.1
Stealth        | |  0.2

Action                     || total
---------------------------++-------
  Melee: War axe           ||    55
   Stab: Sleeping          ||     2
 Armour: Leather armour    ||    15
  Dodge: Dodged            ||    41

Table legend: (Time is in decaauts)
 A = Elapsed time spent in this place.
 B = Non-inter-level travel time spent in this place.
 C = Inter-level travel time spent in this place.
 D = Time resting spent in this place.
 E = Time spent auto-exploring this place.
 F = Levels seen in this place.
 G = Mean time per level.
                   A        B        C        D        E       F      G
               +--------+--------+--------+--------+--------+-----+--------+
         Total |    830 |    830 |      0 |      0 |    633 |   2 |  415.0 |
       Dungeon |    830 |    830 |      0 |      0 |    633 |   2 |  415.0 |
               +--------+--------+--------+--------+--------+-----+--------+

Top non-repeatable levels by time:
     D:1: 461 daAuts
     D:2: 368 daAuts
